 Dungeon Crawl Stone Soup version 0.23.2-1-ga50397a (webtiles) character file.

Game seed: 17434307723938760732

43 xveg the Grave Robber (level 3, 0/24 HPs)
             Began as a Vampire Necromancer on May 8, 2019.
             Killed from afar by an orc wizard (9 damage)
             ... with a magic dart
             ... on level 2 of the Dungeon.
             The game lasted 00:06:20 (3004 turns).

xveg the Grave Robber (Vampire Necromancer)         Turns: 3004, Time: 00:06:22

Health: 0/24       AC:  2    Str:  7    XL:     3   Next: 37%
Magic:  0/6        EV: 12    Int: 18    God:
Gold:   9          SH:  1    Dex: 14    Spells: 4/6 levels left

rFire    . . .     SeeInvis +   g - +2 dagger (speed)
rCold    + + .     Gourm    .   j - -2 buckler (curse)
rNeg     + + .     Faith    .   a - +0 robe
rPois    +         Spirit   +   (no helmet)
rElec    .         Reflect  .   (no cloak)
rCorr    .         Harm     .   (no gloves)
MR       .....                  (no boots)
Stlth    +++.......             h - amulet of guardian spirit
HPRegen  0.04/turn              i - ring of protection from cold
MPRegen  0.10/turn              (no ring)

@: regenerating slowly, slowed, very slow
A: fangs 3, see invisible, unbreathing
a: Bat Form


You were on level 2 of the Dungeon.
You were very thirsty.

You visited 1 branch of the dungeon, and saw 2 of its levels.

You collected 9 gold pieces.

Inventory:

Hand Weapons
 g - a +2 dagger of speed (weapon)
Armour
 a - a +0 robe (worn)
 j - a cursed -2 buckler (worn)
Jewellery
 h - an amulet of guardian spirit (around neck)
 i - a ring of protection from cold (left hand)
Scrolls
 b - 2 scrolls of identify
 e - 2 scrolls of teleportation
Potions
 d - 2 potions of flight {unknown}
 f - a potion of degeneration {unknown}


   Skills:
 + Level 2.4 Dodging
 + Level 3.1 Stealth
 + Level 0.1 Unarmed Combat
 + Level 2.4 Spellcasting
 + Level 5.2 Necromancy


You had 4 spell levels left.
You knew the following spells:

 Your Spells              Type           Power        Failure   Level  Hunger
a - Pain                  Necr           ###.         3%          1    #......
b - Animate Skeleton      Necr           N/A          3%          1    #......

Your spell library contained the following spells:

 Spells                   Type           Power        Failure   Level  Hunger
 Vampiric Draining        Necr           ###.......   10%         3    ###....
 Regeneration             Chrm/Necr      ##........   30%         3    ###....
 Animate Dead             Necr           N/A          32%         4    #####..


Dungeon Overview and Level Annotations

Branches:
Dungeon (2/15)

Altars:


Innate Abilities, Weirdness & Mutations

You heal slowly.
You have razor-sharp teeth.
You have supernaturally acute eyesight. (SInv)
You can survive without breathing.


Message History

Confirm with . or Enter, or press ? or * to list all spells.
Aiming: Pain (safe; 3% risk of failure)
Press: ? - help, Shift-Dir - straight line, f/p - orc wizard
Aim: an orc wizard, wielding a +1 dagger of venom and wearing a +0 robe (severely wounded, chance to defeat MR: 80%)
The orc wizard writhes in agony.
The orc wizard casts a spell at you.
You feel yourself slow down.
Unknown command.
Casting: Pain (safe; 3% risk of failure)
Confirm with . or Enter, or press ? or * to list all spells.
You don't have enough magic to cast that spell.
Unknown command.
Unknown command.
You hit the orc wizard but do no damage.
You bite the orc wizard.
You draw the orc wizard's blood!
You feel better.
You feel slightly less thirsty.
The orc wizard is almost dead.
The orc wizard points at you and mumbles some strange words.
The magic dart hits you!
You die... . .. ###############... #@o......(.†))'..) ###############... ##

You could see an orc wizard.

Vanquished Creatures
  A worm (D:2)
  2 dart slugs (D:1)
  3 orcs
  A ball python (D:1)
  A giant cockroach (D:1)
  3 goblins (D:1)
  5 hobgoblins (D:1)
  5 jackals (D:1)
  3 bats (D:1)
  A frilled lizard (D:1)
  2 kobolds
  A rat (D:1)
28 creatures vanquished.

Notes
Turn   | Place    | Note
-------+----------+-------------------------------------------
     0 | D:1      | xveg the Vampire Necromancer began the quest for the Orb.
     0 | D:1      | Reached XP level 1. HP: 13/13 MP: 3/3
   404 | D:1      | Learned a level 1 spell: Animate Skeleton
   686 | D:1      | Reached XP level 2. HP: 16/19 MP: 0/5
  1213 | D:1      | Reached skill level 5 in Necromancy
  1308 | D:1      | Reached XP level 3. HP: 8/24 MP: 4/6
  3004 | D:2      | Killed from afar by an orc wizard

Skill      XL: |  1  2 |
---------------+-------+-----
Necromancy     | 5 |  5.2
Dodging        | |  2.4
Stealth        | |  3.1
Unarmed Combat | |  0.1
Spellcasting   | |  2.4

Action                   || total
-------------------------++-------
Melee: Unarmed           ||    29
       Bite              ||     6
       Dagger            ||    25
 Cast: Pain              ||    43
       Animate Skeleton  ||     5
  Use: Potion            ||     3
       Scroll            ||     1
 Stab: Sleeping          ||     1
Armor: Robe              ||     6
Dodge: Dodged            ||    33
Block: Buckler           ||     1
